ARIZONA vs MINNESOTA

Created - March-04-21 at 19:37

Goals
1 2 3 T
ARIZONA 1 2 0 3
MINNESOTA 2 0 3 5
Shots
1 2 3 T
ARIZONA 10 10 8 28
MINNESOTA 6 12 17 35

1st period

1. MINNESOTA , Nikita Kucherov 17 (Tomas Hertl 17) at 0:04
2. ARIZONA , Henri Jokiharju 2 (Jay Bouwmeester 11, Adrian Kempe 9) at 3:45 (PP)
3. MINNESOTA , Tomas Hertl 7 (Mark Giordano 15, Nikita Kucherov 18) at 8:14

Penalties :
Zach Hyman (MIN) for Holding (Minor) at 2:59

2nd period

4. ARIZONA , Mikael Backlund 8 (Adrian Kempe 10, Mario Ferraro 8) at 8:47
5. ARIZONA , Evgeni Malkin 17 (Bryan Little 5, Mario Ferraro 9) at 15:45

Penalties :
Tanner Pearson (MIN) for Holding (Minor) at 4:42, Mikael Backlund (ARI) for Tripping (Minor) at 6:36, Adrian Kempe (ARI) for Hooking (Minor) at 17:21

3rd period

6. MINNESOTA , Kyle Connor 8 (Oliver Ekman-Larsson 9, Nikita Kucherov 19) at 2:24 (PP)
7. MINNESOTA , Colin White 2 (Mats Zuccarello 6) at 4:12
8. MINNESOTA , Dominik Kahun 8 (Erik Karlsson 17, Mark Giordano 16) at 15:58

Penalties :
Adrian Kempe (ARI) for High sticking (Minor) at 1:20

Goalie Stats

Corey Crawford (ARI), 30 saves from 35 shots - (0.857), L, 12-9-4, 60:00 minutes
Andrei Vasilevskiy (MIN), 25 saves from 28 shots - (0.893), W, 16-8-2, 60:00 minutes

Players Stats for ARIZONA

Player Name              G  A  P  +/- PIM S  H  SB GA TA FO     MP     PP MP  PK MP  
------------------------------------------------------------------------------------
Adrian Kempe             0  2  2   0  4   3  8  0  0  0  0/2    16:28   1:24   0:00 
Brad Richardson          0  0  0   0  0   1  0  0  0  0  1/1     6:24   0:00   0:30 
Bryan Little             0  1  1  -1  0   2  2  0  0  0  0/2    20:00   1:16   0:00 
Conor Sheary             0  0  0   0  0   1  0  0  0  0  0/1    15:06   0:00   0:00 
Evgeni Malkin            1  0  1  -1  0   3  1  0  0  0  12/30  20:05   1:16   0:00 
Gabriel Landeskog        0  0  0  -1  0   0  3  0  0  0  0/1    23:19   1:16   3:14 
Henri Jokiharju          1  0  1  -2  0   3  5  0  0  0  0/0    20:40   1:42   2:51 
Jacob Larsson            0  0  0   1  0   1  0  0  0  0  0/0    17:37   0:00   2:51 
Jay Bouwmeester          0  1  1  -2  0   0  0  1  0  0  0/0    19:50   1:42   2:06 
Jean-Gabriel Pageau      0  0  0  -1  0   1  1  0  0  0  7/23   16:16   0:00   3:42 
Joel Eriksson Ek         0  0  0  -1  0   0  1  0  0  0  0/0    13:35   0:00   1:01 
Justin Faulk             0  0  0  -1  0   2  1  1  0  0  0/0    24:39   0:58   2:06 
Mario Ferraro            0  2  2   1  0   0  1  0  0  0  0/0    14:46   0:00   0:00 
Mikael Backlund          1  0  1   0  2   4  1  0  0  0  10/26  17:01   1:23   0:32 
Nicolas Aube-Kubel       0  0  0   0  0   2  0  0  0  0  2/2     5:54   0:00   0:00 
Riley Sheahan            0  0  0   0  0   1  0  0  0  0  5/7     6:49   0:00   0:55 
Thomas Chabot            0  0  0  -1  0   2  1  1  0  0  0/0    22:28   0:58   0:00 
Zack Kassian             0  0  0  -1  0   2  1  0  0  0  0/0    13:58   1:24   0:00 

Players Stats for MINNESOTA

Player Name              G  A  P  +/- PIM S  H  SB GA TA FO     MP     PP MP  PK MP  
------------------------------------------------------------------------------------
Brett Kulak              0  0  0  -2  0   1  2  1  0  0  0/0    13:35   0:52   0:43 
Colin White              1  0  1   0  0   3  2  0  0  0  7/15   12:38   0:00   0:00 
Dominik Kahun            1  0  1   0  0   1  0  0  0  0  0/3    13:30   0:52   0:00 
Erik Karlsson            0  1  1   3  0   2  1  1  0  0  0/0    21:36   2:14   1:57 
Johan Larsson            0  0  0   0  0   0  0  0  0  0  6/11    9:08   0:00   2:01 
John Tavares             0  0  0   0  0   0  2  0  0  0  19/25  17:34   1:51   0:00 
Kyle Connor              1  0  1   2  0   9  1  0  0  0  0/1    18:46   1:51   0:00 
Mark Giordano            0  2  2   3  0   0  1  2  0  0  0/0    24:42   1:51   1:57 
Mats Zuccarello          0  1  1   0  0   0  0  0  0  0  0/2    13:17   0:00   0:39 
Matt Calvert             0  0  0   0  0   1  2  0  0  0  2/2     9:08   0:00   2:01 
Nikita Kucherov          1  2  3   2  0   7  1  1  0  0  0/0    18:51   1:51   0:00 
Niklas Hjalmarsson       0  0  0   1  0   0  2  2  0  0  0/0    20:12   0:00   0:43 
Oliver Ekman-Larsson     0  1  1   1  0   1  1  0  0  0  0/0    21:20   1:51   0:00 
Tanner Pearson           0  0  0   0  2   1  2  0  0  0  0/2    18:43   3:06   0:00 
Tomas Hertl              1  1  2   2  0   5  1  0  0  0  24/33  19:48   2:14   0:39 
Torey Krug               0  0  0  -2  0   0  2  2  0  0  0/0    18:35   3:06   0:00 
William Carrier          0  0  0   0  0   0  1  0  0  0  0/0     7:07   0:00   0:00 
Zach Hyman               0  0  0   0  2   4  1  0  0  0  0/1    18:43   3:06   0:00 

3 Stars

1 - Nikita Kucherov (MIN)
2 - Tomas Hertl (MIN)
3 - Mark Giordano (MIN)

Power Play

ARIZONA - 1 on 2 Attempt(s) - 50.00%
MINNESOTA - 1 on 3 Attempt(s) - 33.33%

Penalty Kill

ARIZONA - 2 on 3 Attempt(s) - 66.67% - Score 0 goal in Penalty Kill
MINNESOTA - 1 on 2 Attempt(s) - 50.00% - Score 0 goal in Penalty Kill

Team Stat

ARIZONA - Hits : 26 - Faceoff Wins : 37 - Blocked Shots : 3 - Penalty Minutes : 6
MINNESOTA - Hits : 22 - Faceoff Wins : 58 - Blocked Shots : 9 - Penalty Minutes : 4

Official

Referees : Steve Kozari and Terry Koharski
Linesman : David Brisebois and Stephen Drain

Game Notes

No Game Note

Finance

Level 1 -- Attendance: 3963 (66.05%) -- Ticket Income $396,300
Level 2 -- Attendance: 3741 (74.82%) -- Ticket Income $224,460
Level 3 -- Attendance: 1788 (89.40%) -- Ticket Income $62,580
Level 4 -- Attendance: 3521 (88.03%) -- Ticket Income $70,420
Luxury Box -- Attendance: 736 (73.60%) -- Ticket Income $147,200
Game was played at the Xcel Energy Center.
Total Attendance: 13749 (76.38%)
Total Ticket Income: $900,960
Total Income: $900,960

ARIZONA

5 vs 5 Forward 
   Center                   Left Wing                Right Wing               Time % Phy DF OF 
 1 Evgeni Malkin            Bryan Little             Gabriel Landeskog        40     1   1  3  
 2 Mikael Backlund          Conor Sheary             Adrian Kempe             30     1   2  2  
 3 Jean-Gabriel Pageau      Joel Eriksson Ek         Zack Kassian             25     1   3  1  
 4 Riley Sheahan            Brad Richardson          Nicolas Aube-Kubel       5      1   4  0  

5 vs 5 Defense 
   Defense                  Defense                                           Time % Phy DF OF 
 1 Justin Faulk             Thomas Chabot                                     35     1   2  2  
 2 Jay Bouwmeester          Henri Jokiharju                                   30     1   2  2  
 3 Jacob Larsson            Mario Ferraro                                     25     1   2  2  
 4 Justin Faulk             Thomas Chabot                                     10     1   2  2  

PowerPlay Forward 
   Center                   Left Wing                Right Wing               Time % Phy DF OF 
 1 Evgeni Malkin            Bryan Little             Gabriel Landeskog        60     1   0  4  
 2 Mikael Backlund          Adrian Kempe             Zack Kassian             40     1   1  3  

PowerPlay Defense
   Defense                  Defense                                           Time % Phy DF OF 
 1 Justin Faulk             Thomas Chabot                                     60     1   1  3  
 2 Jay Bouwmeester          Henri Jokiharju                                   40     1   2  2  

Penalty Kill 4 Players Forward 
   Center                   Wing                     Time % Phy DF OF 
 1 Jean-Gabriel Pageau      Gabriel Landeskog        60     1   3  1  
 2 Mikael Backlund          Joel Eriksson Ek         40     1   3  1  

Penalty Kill 4 Players Defense
   Defense                  Defense                  Time % Phy DF OF 
 1 Justin Faulk             Jay Bouwmeester          60     1   4  0  
 2 Jacob Larsson            Henri Jokiharju          40     1   4  0  

Penalty Kill - 3 Players Forward 
   Forward                                           Time % Phy DF OF 
 1 Jean-Gabriel Pageau                               60     1   4  0  
 2 Riley Sheahan                                     40     1   4  0  

Penalty Kill - 3 Players Defense
   Defense                  Defense                  Time % Phy DF OF 
 1 Jay Bouwmeester          Thomas Chabot            60     1   4  0  
 2 Jacob Larsson            Henri Jokiharju          40     1   4  0  

4 vs 4 Forward 
   Center                   Wing                     Time % Phy DF OF 
 1 Evgeni Malkin            Gabriel Landeskog        60     1   1  3  
 2 Mikael Backlund          Conor Sheary             40     1   2  2  

4 vs 4 Defense
   Defense                  Defense                  Time % Phy DF OF 
 1 Justin Faulk             Henri Jokiharju          60     1   2  2  
 2 Jay Bouwmeester          Thomas Chabot            40     1   2  2  

Last Minutes Offensive
   Center                   Left Wing                Right Wing               Defense                  Defense                  
   Evgeni Malkin            Bryan Little             Gabriel Landeskog        Justin Faulk             Thomas Chabot            

Last Minutes Defensive
   Center                   Left Wing                Right Wing               Defense                  Defense                  
   Jean-Gabriel Pageau      Brad Richardson          Gabriel Landeskog        Justin Faulk             Jay Bouwmeester          

Goaltenders
Starting : Corey Crawford           
Backup : Alexandar Georgiev       

Extra Forwards
Normal : Jean-Gabriel Pageau, Riley Sheahan, Joel Eriksson Ek - PP : Jean-Gabriel Pageau, Riley Sheahan - PK : Riley Sheahan
Extra Defensemen
Normal : Henri Jokiharju, Mario Ferraro, Jay Bouwmeester - PP : Henri Jokiharju - PK : Henri Jokiharju, Jacob Larsson
Penalty Shots
Gabriel Landeskog, Evgeni Malkin, Mikael Backlund, Bryan Little, Jean-Gabriel Pageau

Scratches
Nick Shore (Healthy), ARI Cap Hit (Suspend), Oliver Kylington (Healthy), Evan Barratt (Healthy)

MINNESOTA

5 vs 5 Forward 
   Center                   Left Wing                Right Wing               Time % Phy DF OF 
 1 Tomas Hertl              Kyle Connor              Nikita Kucherov          37     0   2  3  
 2 John Tavares             Tanner Pearson           Zach Hyman               33     1   2  2  
 3 Colin White              Dominik Kahun            Mats Zuccarello          20     1   3  1  
 4 Johan Larsson            William Carrier          Matt Calvert             10     2   2  1  

5 vs 5 Defense 
   Defense                  Defense                                           Time % Phy DF OF 
 1 Mark Giordano            Erik Karlsson                                     35     1   2  2  
 2 Oliver Ekman-Larsson     Niklas Hjalmarsson                                30     1   2  2  
 3 Brett Kulak              Torey Krug                                        25     1   2  2  
 4 Torey Krug               Mark Giordano                                     10     0   2  3  

PowerPlay Forward 
   Center                   Left Wing                Right Wing               Time % Phy DF OF 
 1 John Tavares             Nikita Kucherov          Kyle Connor              60     0   1  4  
 2 Tomas Hertl              Tanner Pearson           Zach Hyman               40     1   1  3  

PowerPlay Defense
   Defense                  Defense                                           Time % Phy DF OF 
 1 Torey Krug               Erik Karlsson                                     60     0   1  4  
 2 Oliver Ekman-Larsson     Mark Giordano                                     40     1   1  3  

Penalty Kill 4 Players Forward 
   Center                   Wing                     Time % Phy DF OF 
 1 Johan Larsson            Matt Calvert             60     1   3  1  
 2 Tomas Hertl              Mats Zuccarello          40     1   3  1  

Penalty Kill 4 Players Defense
   Defense                  Defense                  Time % Phy DF OF 
 1 Mark Giordano            Erik Karlsson            60     1   3  1  
 2 Niklas Hjalmarsson       Brett Kulak              40     1   4  0  

Penalty Kill - 3 Players Forward 
   Forward                                           Time % Phy DF OF 
 1 Johan Larsson                                     60     1   4  0  
 2 Matt Calvert                                      40     1   4  0  

Penalty Kill - 3 Players Defense
   Defense                  Defense                  Time % Phy DF OF 
 1 Mark Giordano            Niklas Hjalmarsson       60     1   4  0  
 2 Oliver Ekman-Larsson     Mats Zuccarello          40     1   4  0  

4 vs 4 Forward 
   Center                   Wing                     Time % Phy DF OF 
 1 John Tavares             Nikita Kucherov          60     1   2  2  
 2 Tomas Hertl              Kyle Connor              40     1   1  3  

4 vs 4 Defense
   Defense                  Defense                  Time % Phy DF OF 
 1 Mark Giordano            Torey Krug               60     1   2  2  
 2 Oliver Ekman-Larsson     Erik Karlsson            40     1   2  2  

Last Minutes Offensive
   Center                   Left Wing                Right Wing               Defense                  Defense                  
   Tomas Hertl              Kyle Connor              Nikita Kucherov          Torey Krug               Erik Karlsson            

Last Minutes Defensive
   Center                   Left Wing                Right Wing               Defense                  Defense                  
   Tomas Hertl              Tanner Pearson           Matt Calvert             Mark Giordano            Niklas Hjalmarsson       

Goaltenders
Starting : Andrei Vasilevskiy       
Backup : Gilles Senn              

Extra Forwards
Normal : Tomas Hertl, Zach Hyman, Nikita Kucherov - PP : Zach Hyman, Nikita Kucherov - PK : Tomas Hertl
Extra Defensemen
Normal : Oliver Ekman-Larsson, Erik Karlsson, Mark Giordano - PP : Torey Krug - PK : Niklas Hjalmarsson, Mark Giordano
Penalty Shots
Nikita Kucherov, Mats Zuccarello, Kyle Connor, Tomas Hertl, Tanner Pearson

Scratches
MIN Cap Hit (Healthy)

% Time on Ice - ARIZONA

Lines # - Real PCT - Wanted PCT - Time Play
Normal Forward
1 - 36% - 40% - 18:44
2 - 29% - 30% - 15:06
3 - 24% - 25% - 12:34
4 - 11% - 5% - 5:54
Normal Defense
1 - 34% - 35% - 17:54
2 - 31% - 30% - 16:02
3 - 28% - 25% - 14:46
4 - 7% - 10% - 3:36
PP Forward
1 - 48% - 60% - 1:16
2 - 53% - 40% - 1:24
PP Defense
1 - 36% - 60% - 0:58
2 - 64% - 40% - 1:42
PK Forward
1 - 79% - 60% - 3:56
2 - 21% - 40% - 1:01
PK Defense
1 - 42% - 60% - 2:06
2 - 58% - 40% - 2:51
PK3 Forward
1 - 0% - 60%
2 - 0% - 40%
PK3 Defense
1 - 0% - 60%
2 - 0% - 40%
44 Forward
1 - 100% - 60% - 0:05
2 - 0% - 40% - 0:00
44 Defense
1 - 100% - 60% - 0:05
2 - 0% - 40% - 0:00
Last Minute Offensive  - 0:00
Last Minute Defensive  - 0:00
Total
Forward - 60:00
Defense - 60:00

% Time on Ice - MINNESOTA

Lines # - Real PCT - Wanted PCT - Time Play
Normal Forward
1 - 32% - 37% - 16:55
2 - 30% - 33% - 15:38
3 - 24% - 20% - 12:38
4 - 14% - 10% - 7:07
Normal Defense
1 - 33% - 35% - 17:25
2 - 37% - 30% - 19:29
3 - 23% - 25% - 12:00
4 - 7% - 10% - 3:24
PP Forward
1 - 37% - 60% - 1:51
2 - 63% - 40% - 3:06
PP Defense
1 - 63% - 60% - 3:06
2 - 37% - 40% - 1:51
PK Forward
1 - 76% - 60% - 2:01
2 - 24% - 40% - 0:39
PK Defense
1 - 73% - 60% - 1:57
2 - 27% - 40% - 0:43
PK3 Forward
1 - 0% - 60%
2 - 0% - 40%
PK3 Defense
1 - 0% - 60%
2 - 0% - 40%
44 Forward
1 - 100% - 60% - 0:05
2 - 0% - 40% - 0:00
44 Defense
1 - 100% - 60% - 0:05
2 - 0% - 40% - 0:00
Last Minute Offensive  - 0:00
Last Minute Defensive  - 0:00
Total
Forward - 60:00
Defense - 60:00

Play-by-Play

1st period


0:01 of 1st period - Tomas Hertl wins face-off versus Evgeni Malkin in neutral zone.
0:04 of 1st period - Shot by Nikita Kucherov.
0:04 of 1st period - Goal by Nikita Kucherov - ARIZONA : 0 - MINNESOTA : 1.
0:05 of 1st period - Mikael Backlund wins face-off versus John Tavares in neutral zone.
0:08 of 1st period - Tanner Pearson is hit by Adrian Kempe and loses puck.
0:27 of 1st period - Shot by John Tavares.
0:27 of 1st period - Shot Misses the Net.
0:29 of 1st period - Shot by John Tavares.
0:29 of 1st period - Deflect By Zach Hyman.
0:29 of 1st period - Stopped by Corey Crawford without a rebound.
0:30 of 1st period - Tomas Hertl wins face-off versus Jean-Gabriel Pageau in ARIZONA zone.
1:18 of 1st period - Icing by Jacob Larsson.
1:19 of 1st period - Colin White wins face-off versus Jean-Gabriel Pageau in ARIZONA zone.
1:23 of 1st period - Icing by Mario Ferraro.
1:24 of 1st period - Jean-Gabriel Pageau wins face-off versus Colin White in ARIZONA zone.
1:39 of 1st period - Off-side.
1:40 of 1st period - Evgeni Malkin wins face-off versus Johan Larsson in neutral zone.
2:27 of 1st period - Matt Calvert is hit by Evgeni Malkin and loses puck.
2:44 of 1st period - Shot by Conor Sheary.
2:44 of 1st period - Stopped by Andrei Vasilevskiy without a rebound.
2:45 of 1st period - Riley Sheahan wins face-off versus Tanner Pearson in MINNESOTA zone.
2:45 of 1st period - Brad Richardson is hit by Erik Karlsson and loses puck.
2:49 of 1st period - Icing by Erik Karlsson.
2:50 of 1st period - John Tavares wins face-off versus Mikael Backlund in MINNESOTA zone.
2:50 of 1st period - John Tavares is hit by Adrian Kempe.
2:59 of 1st period - Minor Penalty to Zach Hyman for Holding.
3:00 of 1st period - Matt Calvert wins face-off versus Mikael Backlund in MINNESOTA zone.
3:00 of 1st period - Matt Calvert is hit by Adrian Kempe.
3:07 of 1st period - Icing by Jay Bouwmeester.
3:08 of 1st period - Johan Larsson wins face-off versus Mikael Backlund in ARIZONA zone.
3:08 of 1st period - Erik Karlsson is hit by Henri Jokiharju and loses puck.
3:20 of 1st period - Shot by Mikael Backlund.
3:20 of 1st period - Shot Misses the Net.
3:39 of 1st period - Shot by Henri Jokiharju.
3:39 of 1st period - Shot Misses the Net.
3:41 of 1st period - Shot by Zack Kassian.
3:41 of 1st period - Deflect By Adrian Kempe.
3:41 of 1st period - Shot Misses the Net.
3:43 of 1st period - Shot by Jay Bouwmeester.
3:43 of 1st period - Shot Blocked by Niklas Hjalmarsson.
3:45 of 1st period - Shot by Henri Jokiharju.
3:45 of 1st period - Goal by Henri Jokiharju - ARIZONA : 1 - MINNESOTA : 1.
3:46 of 1st period - Evgeni Malkin wins face-off versus John Tavares in neutral zone.
4:53 of 1st period - Shot by Brad Richardson.
4:53 of 1st period - Shot Misses the Net.
5:11 of 1st period - Shot by Nikita Kucherov.
5:11 of 1st period - Deflect By Kyle Connor.
5:11 of 1st period - Stopped by Corey Crawford without a rebound.
5:12 of 1st period - Colin White wins face-off versus Mikael Backlund in ARIZONA zone.
5:18 of 1st period - Conor Sheary is hit by Niklas Hjalmarsson and loses puck.
5:39 of 1st period - Shot by Jay Bouwmeester.
5:39 of 1st period - Shot Misses the Net.
5:41 of 1st period - Shot by Henri Jokiharju.
5:41 of 1st period - Stopped by Andrei Vasilevskiy without a rebound.
5:42 of 1st period - Tomas Hertl wins face-off versus Jean-Gabriel Pageau in MINNESOTA zone.
5:42 of 1st period - Tomas Hertl is hit by Joel Eriksson Ek.
6:07 of 1st period - Shot by Zack Kassian.
6:07 of 1st period - Shot Blocked by Nikita Kucherov.
6:09 of 1st period - Shot by Jean-Gabriel Pageau.
6:09 of 1st period - Shot Misses the Net.
6:11 of 1st period - Shot by Zack Kassian.
6:11 of 1st period - Stopped by Andrei Vasilevskiy without a rebound.
6:12 of 1st period - John Tavares wins face-off versus Evgeni Malkin in MINNESOTA zone.
6:26 of 1st period - Oliver Ekman-Larsson is hit by Gabriel Landeskog and loses puck.
6:49 of 1st period - Shot by Evgeni Malkin.
6:49 of 1st period - Shot Misses the Net.
7:15 of 1st period - Shot by Mikael Backlund.
7:15 of 1st period - Deflect By Adrian Kempe.
7:15 of 1st period - Stopped by Andrei Vasilevskiy with a rebound.
7:17 of 1st period - Shot by Mikael Backlund.
7:17 of 1st period - Shot Misses the Net.
7:36 of 1st period - Shot by Mikael Backlund.
7:36 of 1st period - Stopped by Andrei Vasilevskiy without a rebound.
7:37 of 1st period - Tomas Hertl wins face-off versus Jean-Gabriel Pageau in MINNESOTA zone.
8:14 of 1st period - Shot by Tomas Hertl.
8:14 of 1st period - Goal by Tomas Hertl - ARIZONA : 1 - MINNESOTA : 2.
8:15 of 1st period - Evgeni Malkin wins face-off versus Dominik Kahun in neutral zone.
8:48 of 1st period - Evgeni Malkin is hit by Brett Kulak and loses puck.
9:08 of 1st period - Icing by Mark Giordano.
9:09 of 1st period - Johan Larsson wins face-off versus Mikael Backlund in MINNESOTA zone.
9:09 of 1st period - Johan Larsson is hit by Adrian Kempe.
9:15 of 1st period - Mikael Backlund is hit by Matt Calvert and loses puck.
9:27 of 1st period - Shot by Mikael Backlund.
9:27 of 1st period - Stopped by Andrei Vasilevskiy without a rebound.
9:28 of 1st period - Tomas Hertl wins face-off versus Jean-Gabriel Pageau in MINNESOTA zone.
9:32 of 1st period - Kyle Connor is hit by Jean-Gabriel Pageau and loses puck.
10:13 of 1st period - Icing by Niklas Hjalmarsson.
10:14 of 1st period - Evgeni Malkin wins face-off versus Tomas Hertl in MINNESOTA zone.
10:23 of 1st period - Shot by Gabriel Landeskog.
10:23 of 1st period - Shot Misses the Net.
10:25 of 1st period - Shot by Justin Faulk.
10:25 of 1st period - Shot Misses the Net.
10:27 of 1st period - Shot by Thomas Chabot.
10:27 of 1st period - Stopped by Andrei Vasilevskiy without a rebound.
10:28 of 1st period - Mikael Backlund wins face-off versus Colin White in MINNESOTA zone.
10:43 of 1st period - Icing by Mark Giordano.
10:44 of 1st period - Evgeni Malkin wins face-off versus Mats Zuccarello in MINNESOTA zone.
10:44 of 1st period - Evgeni Malkin is hit by Torey Krug.
11:04 of 1st period - Dominik Kahun is hit by Bryan Little and loses puck.
11:09 of 1st period - Shot by Bryan Little.
11:09 of 1st period - Shot Misses the Net.
12:01 of 1st period - Shot by John Tavares.
12:01 of 1st period - Deflect By Tanner Pearson.
12:01 of 1st period - Shot Hit the Post.
12:36 of 1st period - Shot by Zack Kassian.
12:36 of 1st period - Stopped by Andrei Vasilevskiy without a rebound.
12:37 of 1st period - Nicolas Aube-Kubel wins face-off versus Tomas Hertl in MINNESOTA zone.
13:08 of 1st period - Shot by Riley Sheahan.
13:08 of 1st period - Deflect By Nicolas Aube-Kubel.
13:08 of 1st period - Shot Misses the Net.
13:10 of 1st period - Shot by Riley Sheahan.
13:10 of 1st period - Shot Misses the Net.
16:09 of 1st period - Icing by Jacob Larsson.
16:10 of 1st period - John Tavares wins face-off versus Mikael Backlund in ARIZONA zone.
16:23 of 1st period - Zach Hyman is hit by Adrian Kempe.
16:31 of 1st period - Shot by Adrian Kempe.
16:31 of 1st period - Stopped by Andrei Vasilevskiy with a rebound.
16:33 of 1st period - Shot by Mikael Backlund.
16:33 of 1st period - Shot Blocked by Brett Kulak.
18:00 of 1st period - Shot by Tomas Hertl.
18:00 of 1st period - Deflect By Kyle Connor.
18:00 of 1st period - Stopped by Corey Crawford without a rebound.
18:01 of 1st period - Johan Larsson wins face-off versus Evgeni Malkin in ARIZONA zone.
19:06 of 1st period - Shot by Kyle Connor.
19:06 of 1st period - Shot Misses the Net.
19:08 of 1st period - Shot by Brett Kulak.
19:08 of 1st period - Stopped by Corey Crawford without a rebound.
19:09 of 1st period - John Tavares wins face-off versus Jean-Gabriel Pageau in ARIZONA zone.
19:21 of 1st period - Shot by Zack Kassian.
19:21 of 1st period - Shot Misses the Net.
19:49 of 1st period - Erik Karlsson is hit by Adrian Kempe and loses puck.
19:56 of 1st period - Justin Faulk is hit by Tanner Pearson.
Goals for this period are 1 for ARIZONA vs 2 for MINNESOTA.
Shots for this period are 10 for ARIZONA vs 6 for MINNESOTA.

2nd period


0:01 of 2nd period - Tomas Hertl wins face-off versus Evgeni Malkin in neutral zone.
0:13 of 2nd period - Off-side.
0:14 of 2nd period - John Tavares wins face-off versus Mikael Backlund in neutral zone.
0:46 of 2nd period - Shot by John Tavares.
0:46 of 2nd period - Deflect By Tanner Pearson.
0:46 of 2nd period - Stopped by Corey Crawford without a rebound.
0:47 of 2nd period - Tomas Hertl wins face-off versus Evgeni Malkin in ARIZONA zone.
1:43 of 2nd period - Icing by Nikita Kucherov.
1:44 of 2nd period - Tomas Hertl wins face-off versus Mikael Backlund in MINNESOTA zone.
1:46 of 2nd period - Icing by Kyle Connor.
1:47 of 2nd period - Mikael Backlund wins face-off versus Tomas Hertl in MINNESOTA zone.
2:24 of 2nd period - Shot by Adrian Kempe.
2:24 of 2nd period - Stopped by Andrei Vasilevskiy without a rebound.
2:25 of 2nd period - Colin White wins face-off versus Jean-Gabriel Pageau in MINNESOTA zone.
2:25 of 2nd period - Colin White is hit by Zack Kassian.
3:18 of 2nd period - Oliver Ekman-Larsson is hit by Mario Ferraro and loses puck.
3:47 of 2nd period - Shot by Bryan Little.
3:47 of 2nd period - Stopped by Andrei Vasilevskiy without a rebound.
3:48 of 2nd period - John Tavares wins face-off versus Adrian Kempe in MINNESOTA zone.
4:13 of 2nd period - Off-side.
4:14 of 2nd period - Tomas Hertl wins face-off versus Riley Sheahan in neutral zone.
4:37 of 2nd period - Shot by Nikita Kucherov.
4:37 of 2nd period - Deflect By Kyle Connor.
4:37 of 2nd period - Stopped by Corey Crawford without a rebound.
4:38 of 2nd period - John Tavares wins face-off versus Gabriel Landeskog in ARIZONA zone.
4:40 of 2nd period - Zach Hyman is hit by Henri Jokiharju and loses puck.
4:42 of 2nd period - Minor Penalty to Tanner Pearson for Holding.
4:43 of 2nd period - Johan Larsson wins face-off versus Bryan Little in MINNESOTA zone.
4:43 of 2nd period - Johan Larsson is hit by Gabriel Landeskog.
4:57 of 2nd period - Shot by Evgeni Malkin.
4:57 of 2nd period - Stopped by Andrei Vasilevskiy with a rebound.
5:15 of 2nd period - Shot by Evgeni Malkin.
5:15 of 2nd period - Shot Blocked by Niklas Hjalmarsson.
5:17 of 2nd period - Shot by Justin Faulk.
5:17 of 2nd period - Stopped by Andrei Vasilevskiy without a rebound.
5:18 of 2nd period - Matt Calvert wins face-off versus Mikael Backlund in MINNESOTA zone.
5:18 of 2nd period - Matt Calvert is hit by Adrian Kempe.
5:32 of 2nd period - Shot by Matt Calvert.
5:32 of 2nd period - Stopped by Corey Crawford without a rebound.
5:33 of 2nd period - Mikael Backlund wins face-off versus Tomas Hertl in ARIZONA zone.
5:46 of 2nd period - Shot by Mikael Backlund.
5:46 of 2nd period - Shot Misses the Net.
5:50 of 2nd period - Shot by Adrian Kempe.
5:50 of 2nd period - Shot Blocked by Erik Karlsson.
5:52 of 2nd period - Shot by Thomas Chabot.
5:52 of 2nd period - Shot Misses the Net.
5:54 of 2nd period - Shot by Thomas Chabot.
5:54 of 2nd period - Stopped by Andrei Vasilevskiy without a rebound.
5:55 of 2nd period - Johan Larsson wins face-off versus Evgeni Malkin in MINNESOTA zone.
6:17 of 2nd period - Shot by Jay Bouwmeester.
6:17 of 2nd period - Shot Misses the Net.
6:19 of 2nd period - Shot by Henri Jokiharju.
6:19 of 2nd period - Shot Misses the Net.
6:21 of 2nd period - Shot by Jay Bouwmeester.
6:21 of 2nd period - Shot Misses the Net.
6:23 of 2nd period - Shot by Henri Jokiharju.
6:23 of 2nd period - Shot Blocked by Mark Giordano.
6:25 of 2nd period - Shot by Evgeni Malkin.
6:25 of 2nd period - Shot Misses the Net.
6:27 of 2nd period - Shot by Evgeni Malkin.
6:27 of 2nd period - Shot Misses the Net.
6:29 of 2nd period - Shot by Jay Bouwmeester.
6:29 of 2nd period - Shot Misses the Net.
6:35 of 2nd period - Shot by Bryan Little.
6:35 of 2nd period - Stopped by Andrei Vasilevskiy without a rebound.
6:36 of 2nd period - Tomas Hertl wins face-off versus Mikael Backlund in MINNESOTA zone.
6:36 of 2nd period - Minor Penalty to Mikael Backlund for Tripping.
6:37 of 2nd period - Evgeni Malkin wins face-off versus John Tavares in ARIZONA zone.
6:45 of 2nd period - Icing by Erik Karlsson.
6:46 of 2nd period - Tomas Hertl wins face-off versus Jean-Gabriel Pageau in MINNESOTA zone.
6:53 of 2nd period - Jean-Gabriel Pageau is hit by Tanner Pearson.
7:22 of 2nd period - Shot by Erik Karlsson.
7:22 of 2nd period - Stopped by Corey Crawford without a rebound.
7:23 of 2nd period - John Tavares wins face-off versus Jean-Gabriel Pageau in ARIZONA zone.
7:36 of 2nd period - Justin Faulk is hit by John Tavares.
7:54 of 2nd period - John Tavares is hit by Henri Jokiharju and loses puck.
8:09 of 2nd period - Riley Sheahan is hit by John Tavares and loses puck.
8:47 of 2nd period - Shot by Adrian Kempe.
8:47 of 2nd period - Deflect By Mikael Backlund.
8:47 of 2nd period - Goal by Mikael Backlund - ARIZONA : 2 - MINNESOTA : 2.
8:48 of 2nd period - Johan Larsson wins face-off versus Mikael Backlund in neutral zone.
9:44 of 2nd period - Evgeni Malkin is hit by Matt Calvert and loses puck.
10:03 of 2nd period - Shot by Nikita Kucherov.
10:03 of 2nd period - Shot Misses the Net.
10:09 of 2nd period - Shot by Kyle Connor.
10:09 of 2nd period - Stopped by Corey Crawford without a rebound.
10:10 of 2nd period - John Tavares wins face-off versus Jean-Gabriel Pageau in ARIZONA zone.
10:15 of 2nd period - Shot by Zach Hyman.
10:15 of 2nd period - Stopped by Corey Crawford without a rebound.
10:16 of 2nd period - Tomas Hertl wins face-off versus Jean-Gabriel Pageau in ARIZONA zone.
10:16 of 2nd period - Tomas Hertl is hit by Henri Jokiharju.
10:24 of 2nd period - Shot by Nikita Kucherov.
10:24 of 2nd period - Stopped by Corey Crawford with a rebound.
10:30 of 2nd period - Shot by Nikita Kucherov.
10:30 of 2nd period - Shot Blocked by Jay Bouwmeester.
10:32 of 2nd period - Shot by Erik Karlsson.
10:32 of 2nd period - Shot Misses the Net.
10:40 of 2nd period - Shot by Kyle Connor.
10:40 of 2nd period - Stopped by Corey Crawford without a rebound.
10:41 of 2nd period - John Tavares wins face-off versus Evgeni Malkin in ARIZONA zone.
11:17 of 2nd period - Evgeni Malkin is hit by Brett Kulak and loses puck.
11:27 of 2nd period - Icing by Torey Krug.
11:28 of 2nd period - John Tavares wins face-off versus Mikael Backlund in MINNESOTA zone.
11:28 of 2nd period - John Tavares is hit by Adrian Kempe.
11:48 of 2nd period - Erik Karlsson is hit by Mikael Backlund and loses puck.
11:53 of 2nd period - Shot by Conor Sheary.
11:53 of 2nd period - Shot Blocked by Mark Giordano.
12:21 of 2nd period - Shot by Tomas Hertl.
12:21 of 2nd period - Shot Blocked by Thomas Chabot.
13:34 of 2nd period - Gabriel Landeskog is hit by Torey Krug.
13:40 of 2nd period - Shot by Gabriel Landeskog.
13:40 of 2nd period - Shot Blocked by Torey Krug.
14:10 of 2nd period - Off-side.
14:11 of 2nd period - Tomas Hertl wins face-off versus Riley Sheahan in neutral zone.
15:19 of 2nd period - Off-side.
15:20 of 2nd period - Colin White wins face-off versus Evgeni Malkin in neutral zone.
15:45 of 2nd period - Shot by Evgeni Malkin.
15:45 of 2nd period - Goal by Evgeni Malkin - ARIZONA : 3 - MINNESOTA : 2.
15:46 of 2nd period - John Tavares wins face-off versus Conor Sheary in neutral zone.
15:52 of 2nd period - Zach Hyman is hit by Justin Faulk and loses puck.
16:14 of 2nd period - Shot by John Tavares.
16:14 of 2nd period - Deflect By Zach Hyman.
16:14 of 2nd period - Stopped by Corey Crawford without a rebound.
16:15 of 2nd period - Tomas Hertl wins face-off versus Evgeni Malkin in ARIZONA zone.
16:19 of 2nd period - Icing by Henri Jokiharju.
16:20 of 2nd period - Tomas Hertl wins face-off versus Evgeni Malkin in ARIZONA zone.
16:27 of 2nd period - Shot by Tomas Hertl.
16:27 of 2nd period - Shot Misses the Net.
16:35 of 2nd period - Shot by Henri Jokiharju.
16:35 of 2nd period - Stopped by Andrei Vasilevskiy without a rebound.
16:36 of 2nd period - Mikael Backlund wins face-off versus John Tavares in MINNESOTA zone.
16:37 of 2nd period - Shot by Conor Sheary.
16:37 of 2nd period - Shot Misses the Net.
16:39 of 2nd period - Shot by Conor Sheary.
16:39 of 2nd period - Shot Misses the Net.
16:41 of 2nd period - Shot by Jacob Larsson.
16:41 of 2nd period - Stopped by Andrei Vasilevskiy without a rebound.
16:42 of 2nd period - Evgeni Malkin wins face-off versus Tomas Hertl in MINNESOTA zone.
17:16 of 2nd period - Shot by Nikita Kucherov.
17:16 of 2nd period - Stopped by Corey Crawford without a rebound.
17:17 of 2nd period - Mikael Backlund wins face-off versus Tanner Pearson in ARIZONA zone.
17:21 of 2nd period - Minor Penalty to Adrian Kempe for Hooking.
17:22 of 2nd period - Jean-Gabriel Pageau wins face-off versus Tomas Hertl in ARIZONA zone.
17:44 of 2nd period - Shot by Erik Karlsson.
17:44 of 2nd period - Stopped by Corey Crawford without a rebound.
17:45 of 2nd period - Jean-Gabriel Pageau wins face-off versus Kyle Connor in ARIZONA zone.
17:45 of 2nd period - Jean-Gabriel Pageau is hit by Nikita Kucherov.
18:03 of 2nd period - Shot by Mark Giordano.
18:03 of 2nd period - Shot Misses the Net.
18:07 of 2nd period - Shot by Kyle Connor.
18:07 of 2nd period - Stopped by Corey Crawford with a rebound.
18:45 of 2nd period - Shot by Tanner Pearson.
18:45 of 2nd period - Shot Misses the Net.
19:03 of 2nd period - Shot by Erik Karlsson.
19:03 of 2nd period - Deflect By Tomas Hertl.
19:03 of 2nd period - Shot Blocked by Justin Faulk.
19:53 of 2nd period - Icing by Dominik Kahun.
19:54 of 2nd period - Riley Sheahan wins face-off versus Colin White in MINNESOTA zone.
Goals for this period are 2 for ARIZONA vs 0 for MINNESOTA.
Shots for this period are 10 for ARIZONA vs 12 for MINNESOTA.

3rd period


0:01 of 3rd period - Evgeni Malkin wins face-off versus Tomas Hertl in neutral zone.
0:54 of 3rd period - Jay Bouwmeester is hit by Tomas Hertl and loses puck.
1:20 of 3rd period - Minor Penalty to Adrian Kempe for High sticking.
1:21 of 3rd period - Jean-Gabriel Pageau wins face-off versus Dominik Kahun in ARIZONA zone.
1:27 of 3rd period - Icing by Tanner Pearson.
1:28 of 3rd period - Jean-Gabriel Pageau wins face-off versus Dominik Kahun in MINNESOTA zone.
2:22 of 3rd period - Shot by Oliver Ekman-Larsson.
2:22 of 3rd period - Shot Misses the Net.
2:24 of 3rd period - Shot by Kyle Connor.
2:24 of 3rd period - Goal by Kyle Connor - ARIZONA : 3 - MINNESOTA : 3.
2:25 of 3rd period - Mikael Backlund wins face-off versus Johan Larsson in neutral zone.
2:34 of 3rd period - Shot by Adrian Kempe.
2:34 of 3rd period - Shot Misses the Net.
2:51 of 3rd period - Icing by Oliver Ekman-Larsson.
2:52 of 3rd period - Brad Richardson wins face-off versus Johan Larsson in MINNESOTA zone.
2:52 of 3rd period - Brad Richardson is hit by Niklas Hjalmarsson.
2:54 of 3rd period - Shot by Riley Sheahan.
2:54 of 3rd period - Stopped by Andrei Vasilevskiy with a rebound.
2:56 of 3rd period - Shot by Brad Richardson.
2:56 of 3rd period - Shot Hit the Post.
2:58 of 3rd period - Shot by Justin Faulk.
2:58 of 3rd period - Stopped by Andrei Vasilevskiy with a rebound.
3:00 of 3rd period - Shot by Riley Sheahan.
3:00 of 3rd period - Deflect By Brad Richardson.
3:00 of 3rd period - Stopped by Andrei Vasilevskiy without a rebound.
3:01 of 3rd period - Nicolas Aube-Kubel wins face-off versus John Tavares in MINNESOTA zone.
3:01 of 3rd period - Riley Sheahan is hit by Mark Giordano and loses puck.
3:30 of 3rd period - Shot by Nicolas Aube-Kubel.
3:30 of 3rd period - Stopped by Andrei Vasilevskiy with a rebound.
3:40 of 3rd period - Shot by Zach Hyman.
3:40 of 3rd period - Stopped by Corey Crawford without a rebound.
3:41 of 3rd period - Tomas Hertl wins face-off versus Jean-Gabriel Pageau in ARIZONA zone.
3:50 of 3rd period - Shot by Tomas Hertl.
3:50 of 3rd period - Stopped by Corey Crawford without a rebound.
3:51 of 3rd period - Colin White wins face-off versus Evgeni Malkin in ARIZONA zone.
4:12 of 3rd period - Shot by Colin White.
4:12 of 3rd period - Goal by Colin White - ARIZONA : 3 - MINNESOTA : 4.
4:13 of 3rd period - Tomas Hertl wins face-off versus Jean-Gabriel Pageau in neutral zone.
4:30 of 3rd period - Shot by Nikita Kucherov.
4:30 of 3rd period - Stopped by Corey Crawford without a rebound.
4:31 of 3rd period - Evgeni Malkin wins face-off versus John Tavares in ARIZONA zone.
4:55 of 3rd period - Icing by Jay Bouwmeester.
4:56 of 3rd period - Tomas Hertl wins face-off versus Evgeni Malkin in ARIZONA zone.
5:07 of 3rd period - Shot by Kyle Connor.
5:07 of 3rd period - Stopped by Corey Crawford without a rebound.
5:08 of 3rd period - Colin White wins face-off versus Jean-Gabriel Pageau in ARIZONA zone.
5:27 of 3rd period - Shot by Oliver Ekman-Larsson.
5:27 of 3rd period - Stopped by Corey Crawford without a rebound.
5:28 of 3rd period - John Tavares wins face-off versus Adrian Kempe in ARIZONA zone.
6:02 of 3rd period - Icing by Mario Ferraro.
6:03 of 3rd period - Mikael Backlund wins face-off versus Tomas Hertl in ARIZONA zone.
6:03 of 3rd period - Mikael Backlund is hit by Kyle Connor.
6:17 of 3rd period - Shot by Nikita Kucherov.
6:17 of 3rd period - Stopped by Corey Crawford without a rebound.
6:18 of 3rd period - Evgeni Malkin wins face-off versus Colin White in ARIZONA zone.
6:36 of 3rd period - Thomas Chabot is hit by Colin White and loses puck.
6:58 of 3rd period - Icing by Thomas Chabot.
6:59 of 3rd period - John Tavares wins face-off versus Evgeni Malkin in ARIZONA zone.
7:20 of 3rd period - Joel Eriksson Ek is hit by Zach Hyman and loses puck.
8:25 of 3rd period - Shot by Tomas Hertl.
8:25 of 3rd period - Stopped by Corey Crawford without a rebound.
8:26 of 3rd period - Riley Sheahan wins face-off versus Colin White in ARIZONA zone.
8:26 of 3rd period - Riley Sheahan is hit by Colin White.
8:47 of 3rd period - Icing by Oliver Ekman-Larsson.
8:48 of 3rd period - Evgeni Malkin wins face-off versus Colin White in MINNESOTA zone.
8:53 of 3rd period - Shot by Evgeni Malkin.
8:53 of 3rd period - Shot Misses the Net.
9:24 of 3rd period - Shot by Evgeni Malkin.
9:24 of 3rd period - Shot Misses the Net.
9:58 of 3rd period - Joel Eriksson Ek is hit by Oliver Ekman-Larsson and loses puck.
10:23 of 3rd period - Shot by Conor Sheary.
10:23 of 3rd period - Shot Misses the Net.
10:25 of 3rd period - Shot by Mikael Backlund.
10:25 of 3rd period - Shot Misses the Net.
10:30 of 3rd period - Icing by Oliver Ekman-Larsson.
10:31 of 3rd period - Riley Sheahan wins face-off versus Mats Zuccarello in MINNESOTA zone.
10:58 of 3rd period - Shot by Nicolas Aube-Kubel.
10:58 of 3rd period - Stopped by Andrei Vasilevskiy without a rebound.
10:59 of 3rd period - Tomas Hertl wins face-off versus Bryan Little in MINNESOTA zone.
10:59 of 3rd period - Tomas Hertl is hit by Gabriel Landeskog.
11:30 of 3rd period - Icing by Brett Kulak.
11:31 of 3rd period - Tomas Hertl wins face-off versus Mikael Backlund in MINNESOTA zone.
11:42 of 3rd period - Shot by Kyle Connor.
11:42 of 3rd period - Stopped by Corey Crawford without a rebound.
11:43 of 3rd period - John Tavares wins face-off versus Jean-Gabriel Pageau in ARIZONA zone.
12:02 of 3rd period - Icing by Erik Karlsson.
12:03 of 3rd period - John Tavares wins face-off versus Evgeni Malkin in MINNESOTA zone.
13:14 of 3rd period - Shot by Tomas Hertl.
13:14 of 3rd period - Stopped by Corey Crawford without a rebound.
13:15 of 3rd period - Mikael Backlund wins face-off versus Johan Larsson in ARIZONA zone.
13:17 of 3rd period - Conor Sheary is hit by William Carrier and loses puck.
13:38 of 3rd period - Shot by Mikael Backlund.
13:38 of 3rd period - Deflect By Conor Sheary.
13:38 of 3rd period - Shot Misses the Net.
13:49 of 3rd period - Icing by Justin Faulk.
13:50 of 3rd period - Tomas Hertl wins face-off versus Mikael Backlund in ARIZONA zone.
14:34 of 3rd period - Icing by Mario Ferraro.
14:35 of 3rd period - John Tavares wins face-off versus Jean-Gabriel Pageau in ARIZONA zone.
15:31 of 3rd period - Shot by Dominik Kahun.
15:31 of 3rd period - Shot Misses the Net.
15:33 of 3rd period - Shot by Colin White.
15:33 of 3rd period - Stopped by Corey Crawford without a rebound.
15:34 of 3rd period - Tomas Hertl wins face-off versus Evgeni Malkin in ARIZONA zone.
15:49 of 3rd period - Shot by Nikita Kucherov.
15:49 of 3rd period - Stopped by Corey Crawford without a rebound.
15:50 of 3rd period - Colin White wins face-off versus Mikael Backlund in ARIZONA zone.
15:50 of 3rd period - Colin White is hit by Henri Jokiharju.
15:58 of 3rd period - Shot by Dominik Kahun.
15:58 of 3rd period - Goal by Dominik Kahun - ARIZONA : 3 - MINNESOTA : 5.
15:59 of 3rd period - Tomas Hertl wins face-off versus Evgeni Malkin in neutral zone.
16:08 of 3rd period - Shot by Bryan Little.
16:08 of 3rd period - Deflect By Gabriel Landeskog.
16:08 of 3rd period - Shot Blocked by Torey Krug.
16:30 of 3rd period - Icing by Thomas Chabot.
16:31 of 3rd period - Evgeni Malkin wins face-off versus Zach Hyman in ARIZONA zone.
17:15 of 3rd period - Icing by Jay Bouwmeester.
17:16 of 3rd period - Mikael Backlund wins face-off versus Tomas Hertl in ARIZONA zone.
17:25 of 3rd period - Shot by Tomas Hertl.
17:25 of 3rd period - Stopped by Corey Crawford without a rebound.
17:26 of 3rd period - Jean-Gabriel Pageau wins face-off versus Colin White in ARIZONA zone.
17:37 of 3rd period - Shot by Colin White.
17:37 of 3rd period - Stopped by Corey Crawford without a rebound.
17:38 of 3rd period - Tomas Hertl wins face-off versus Mikael Backlund in ARIZONA zone.
17:43 of 3rd period - Shot by Nikita Kucherov.
17:43 of 3rd period - Stopped by Corey Crawford without a rebound.
17:44 of 3rd period - John Tavares wins face-off versus Evgeni Malkin in ARIZONA zone.
17:44 of 3rd period - Torey Krug is hit by Thomas Chabot and loses puck.
17:51 of 3rd period - Shot by Evgeni Malkin.
17:51 of 3rd period - Stopped by Andrei Vasilevskiy without a rebound.
17:52 of 3rd period - John Tavares wins face-off versus Evgeni Malkin in MINNESOTA zone.
17:52 of 3rd period - John Tavares is hit by Bryan Little.
19:13 of 3rd period - Shot by Conor Sheary.
19:13 of 3rd period - Shot Misses the Net.
19:15 of 3rd period - Shot by Mikael Backlund.
19:15 of 3rd period - Shot Misses the Net.
19:17 of 3rd period - Shot by Mikael Backlund.
19:17 of 3rd period - Stopped by Andrei Vasilevskiy without a rebound.
19:18 of 3rd period - Jean-Gabriel Pageau wins face-off versus Colin White in MINNESOTA zone.
19:27 of 3rd period - Shot by Jean-Gabriel Pageau.
19:27 of 3rd period - Stopped by Andrei Vasilevskiy without a rebound.
19:28 of 3rd period - Riley Sheahan wins face-off versus Johan Larsson in MINNESOTA zone.
Goals for this period are 0 for ARIZONA vs 3 for MINNESOTA.
Shots for this period are 8 for ARIZONA vs 17 for MINNESOTA.